 Dungeon Crawl Stone Soup version 0.18-b1-2-gd0c887e (webtiles) character file.

807 SkaryMonk the Covert (level 7, -5/45 HPs)
             Began as an Octopode Assassin on Apr 28, 2016.
             Was an Initiate of Gozag.
             Slain by a sky beast (6 damage)
             ... on level 5 of the Dungeon.
             The game lasted 00:13:47 (4471 turns).

SkaryMonk the Covert (Octopode Assassin)            Turns: 4471, Time: 00:13:48

Health: -5/45      AC:  1    Str: 16    XL:     7   Next: 92%
Magic:  7/7        EV: 14    Int: 13    God:    Gozag
Gold:   154        SH:  0    Dex: 15    Spells: 0 memorised, 6 levels left

rFire  . . .     SeeInvis .     a - +2 dagger
rCold  . . .     Gourm    .     (no shield)
rNeg   . . .     Faith    .     (helmet restricted)
rPois  .         Spirit   .     (no amulet)
rElec  .         Dismiss  .     p - +2 ring of evasion
rCorr  .         Reflect  .     (no ring)
SustAt .         Harm     .     (no ring)
MR     .....                    (no ring)
Stlth  ++++++....               (no ring)
                                (no ring)
                                (no ring)
                                (no ring)

@: mighty, not resistant to hostile enchantments, very stealthy
A: almost no armour, amphibious, 8 rings, constrict 8, camouflage 1, gelatinous
body 1
a: Potion Petition, Call Merchant, Bribe Branch, Renounce Religion


You were on level 5 of the Dungeon.
You worshipped Gozag.
Gozag was noncommittal.
You were very hungry.

You visited 2 branches of the dungeon, and saw 7 of its levels.
You also visited: Sewer.

You collected 210 gold pieces.
You paid 56 gold pieces to Gozag.

Notes
Turn   | Place    | Note
--------------------------------------------------------------
     0 | D:1      | SkaryMonk the Octopode Assassin began the quest for the Orb.
     0 | D:1      | Reached XP level 1. HP: 14/14 MP: 1/1
    54 | D:1      | Reached XP level 2. HP: 19/19 MP: 2/2
   516 | D:1      | Reached XP level 3. HP: 21/24 MP: 3/3
   766 | D:2      | Reached XP level 4. HP: 27/29 MP: 4/4
   820 | D:2      | Noticed Terence
   828 | D:2      | Killed Terence
  1193 | D:3      | Reached skill level 5 in Short Blades
  1199 | D:3      | Reached XP level 5. HP: 34/34 MP: 5/5
  1375 | D:3      | Noticed Jessica
  1383 | D:3      | Killed Jessica
  1436 | D:3      | Found a glowing golden altar of the Shining One.
  1483 | D:3      | Reached skill level 6 in Stealth
  1648 | D:3      | Reached XP level 6. HP: 32/39 MP: 6/6
  1899 | D:3      | Noticed Grinder
  1977 | D:4      | Noticed Natasha
  1984 | D:4      | Killed Natasha
  2007 | D:4      | Noticed Natasha
  2013 | D:4      | Killed Natasha
  2235 | D:4      | Found a glowing drain.
  2248 | Sewer    | Entered a sewer
  2539 | Sewer    | Reached skill level 7 in Stealth
  2636 | Sewer    | Reached XP level 7. HP: 43/45 MP: 7/7
  3200 | D:5      | Entered Level 5 of the Dungeon
  3329 | D:5      | Reached skill level 8 in Stealth
  3524 | D:5      | Found a stormy altar of Qazlal.
  3526 | D:5      | Noticed an air elemental
  3527 | D:5      | Noticed a fire elemental
  3527 | D:5      | Noticed a water elemental
  3767 | D:5      | Found a staircase to the Ecumenical Temple.
  3774 | Temple   | Entered the Ecumenical Temple
  3955 | Temple   | Became a worshipper of Gozag Ym Sagoz the Greedy
  4142 | D:5      | Found a deep blue altar of Sif Muna.
  4451 | D:6      | Found a shattered altar of Ashenzari.
  4471 | D:5      | HP: 1/45 [something (5)]
  4471 | D:5      | Slain by a sky beast

Inventory:

Hand Weapons
 a - a +2 dagger (weapon)
 b - a +0 blowgun
Missiles
 c - 7 poisoned needles
 d - 2 curare-tipped needles
Jewellery
 p - a +2 ring of evasion (left tentacle)
Wands
 i - a wand of slowing (35/48)
Scrolls
 o - 3 scrolls of teleportation
 t - a scroll of noise {unknown}
 w - 4 scrolls of remove curse
 y - a scroll of fog {unknown}
 z - a scroll of fear {unknown}
 B - a scroll of immolation {unknown}
 C - 3 scrolls of identify
 G - a scroll of enchant armour {unknown}
Potions
 g - a potion of mutation {unknown}
 h - 3 potions of curing
 l - a potion of agility {unknown}
 m - a potion of degeneration {unknown}
 n - 3 potions of invisibility {unknown}
 q - a potion of brilliance {unknown}
 s - 4 potions of might
 u - 2 potions of flight {unknown}
 x - a potion of berserk rage {unknown}
 A - a potion of haste {unknown}
 D - a potion of lignification {unknown}
 F - a potion of magic {unknown}
Comestibles
 f - 2 bread rations
 j - 2 slices of pizza
 k - 2 beef jerkies
 v - a fruit
 E - a royal jelly

Table legend:
 A = Turns spent in this place as a percentage of turns spent in the entire game.
 B = Non-inter-level travel turns spent in this place as a percentage of non-inter-level travel turns spent in the entire game.
 C = Inter-level travel turns spent in this place as a percentage of turns spent in this place.
 D = Turns resting spent in this place as a percentage of non-inter-level travel turns spent in this place.
 E = Turns spent auto-exploring this place as a percentage of non-inter-level travel turns spent in this place.
 F = Non-inter-level travel turns spent in this place divided by the number of levels of this place that you've seen.
                   A       B       C       D       E      F
               +-------+-------+-------+-------+-------+----------------------
         Total | 100.0 | 100.0 |   1.1 |   1.4 |  15.2 | 137.0
       Dungeon |  85.6 |  85.7 |   1.1 |   1.3 |  15.2 | 156.5
        Temple |   1.5 |   1.4 |  11.8 |   0.0 |  60.0 |  15.0
         Sewer |  12.8 |  13.0 |   0.0 |   2.1 |  10.6 | 142.0
               +-------+-------+-------+-------+-------+----------------------


   Skills:
 - Level 2.0 Fighting
 + Level 7.4 Short Blades
 - Level 2.0 Throwing
 - Level 1.0 Dodging
 + Level 8.6 Stealth


You had 6 spell levels left.
You didn't know any spells.

Dungeon Overview and Level Annotations

Branches:
Dungeon (6/15)             Temple (1/1) D:5

Altars:
Ashenzari
Cheibriados
Dithmenos
Gozag
Makhleb
Nemelex Xobeh
Okawaru
Qazlal
Sif Muna
Xom
Yredelemnul
The Shining One

Annotations:
D:3 Grinder


Innate Abilities, Weirdness & Mutations

You cannot wear most types of armour.
You are amphibious.
You can wear up to eight rings at the same time.
You can use your tentacles to constrict eight enemies at once.
Your skin changes colour to match your surroundings (Stealth).
Your rubbery body absorbs attacks (AC +1).


Message History

An orc comes into view.
You barely miss something. You miss something. Your squeeze misses something.
The giant frog barely misses you.
The orc moves out of view.
Something hits you. Something shocks you. The giant frog hits you.
There is a stone staircase leading up here.
The giant frog hits you. The giant frog barely misses you. Something hits you.
* * * LOW HITPOINT WARNING * * *
Something shocks you.
* * * LOW HITPOINT WARNING * * *
You climb upwards.
There is a stone staircase leading down here.
Unknown command.
You closely miss something. You miss something.
The giant frog completely misses you. Something hits you.
* * * LOW HITPOINT WARNING * * *
Something shocks you.
You die...
Your body crumbles into a pile of gold.

##### ###########...# #####
#.............# #.>.#
#.#########...#### ###.#.###
###.### ##.........###...#.).#
#.....# #....{........(#####.#
####.###.# #....@.....###...#...#
.....# #.# #.###F..#### ###.#.###
###..###.###.# #...# #...#..
#.......##.# #...# ##.##.#
#.....#....# ##.## #.##.#
#.#...#...#####.# #.##.#
###.#.#####.......##########.#...
....#...#...######...............
..#####.#.### #.########.##...


You could see a giant frog.

Table legend:
 A = Kills in this place as a percentage of kills in entire the game.
 B = Kills by you in this place as a percentage of kills by you in the entire game.
 C = Kills by friends in this place as a percentage of kills by friends in the entire game.
 D = Other kills in this place as a percentage of other kills in the entire game.
 E = Experience gained in this place as a percentage of experience gained in the entire game.
 F = Experience gained in this place divided by the number of levels of this place that you have seen.
                   A       B       C       D       E      F
               +-------+-------+-------+-------+-------+----------------------
         Total | 100.0 | 100.0 |  -nan |  -nan | 100.0 | 144.2
       Dungeon |  81.1 |  81.1 |  -nan |  -nan |  90.4 | 173.8
         Sewer |  18.9 |  18.9 |  -nan |  -nan |   9.6 | 111.0
               +-------+-------+-------+-------+-------+----------------------

Vanquished Creatures
  A centaur (D:6)
  A scorpion (D:4)
  2 crimson imps (D:5)
  2 hounds
  2 giant frog skeletons
  A centaur skeleton (D:4)
  An orc priest (D:3)
  Jessica (D:3)
  Terence (D:2)
  Natasha (twice) (D:4)
  2 worker ants (D:4)
  A hound skeleton (D:4)
  6 river rats (Sewer)
  6 adders
  3 shadow imps (D:5)
  5 oozes
  An adder skeleton (D:5)
  10 dart slugs
  2 giant geckos
  14 orcs
  12 bats
  4 giant cockroaches
  5 goblins
  8 hobgoblins
  5 kobolds
  3 quokkas
  5 ball pythons
  10 giant newts
  A hobgoblin zombie (D:6)
  15 rats
132 creatures vanquished.

Vanquished Creatures (others)
  5 toadstools (D:1)
5 creatures vanquished.

Grand Total: 137 creatures vanquished

Action                   |  1- 3 |  4- 6 |  7- 9 || total
-------------------------+-------+-------+-------++-------
Melee: Dagger            |    41 |   145 |    82 ||   268
       Constrict         |     9 |    30 |    15 ||    54
       Tentacles         |     7 |    23 |    22 ||    52
 Fire: Blowgun           |     5 |     3 |     4 ||    12
  Use: Scroll            |       |     5 |     1 ||     6
       Potion            |       |       |     4 ||     4
 Stab: Sleeping          |    11 |    21 |    15 ||    47
       Distracted        |       |       |     1 ||     1
  Eat: Chunk             |       |     5 |     5 ||    10
Armor: Skin              |     1 |     3 |     2 ||     6
Dodge: Dodged            |    17 |    52 |    31 ||   100

Vault maps used:
D:1:      ldierk_walled_garden, minivault_27
D:2:      uniq_terence
D:3:      gammafunk_pakellas_spire_experiment, overflow_temple_1_default,
          uniq_jessica, uniq_grinder
D:4:      portal_sewer_entry_b, first_bread, hex_large, uniq_natasha
D:5:      kennysheep_slugbush, lemuel_blue_sif_altar,
          nicolae_qazlal_style_of_elements, minmay_temple_entry_nine_rooms
D:6:      lemuel_zombie_altar_kikubaaqudgha, old_standard_altar, vehumet_statue,
          nicolae_ru_the_path_less_chosen, minmay_mini_ossuary
Temple:   grunt_temple_mini_profane_8
Sewer:    sewer_co_cracked_pipes
